 Dungeon Crawl Stone Soup version 0.29.1-1-gd02db6906a (webtiles) character file.

Game seed: 10296439537748596125

47 LustLizard the Trooper (level 3, -1/29 HPs)
             Began as a Demonspawn Fighter on Oct 5, 2022.
             Slain by a frilled lizard (3 damage)
             ... on level 2 of the Dungeon.
             The game lasted 00:01:47 (1125 turns).

LustLizard the Trooper (Demonspawn Fighter)         Turns: 1125, Time: 00:01:48

Health: -1/29      AC:  6    Str: 16    XL:     3   Next: 48%
Magic:  3/3        EV:  8    Int:  9    God:
Gold:   44         SH:  4    Dex: 14    Spells: 2/2 levels left

rFire   . . .      SeeInvis .   a - +0 long sword (flame)
rCold   . . .      Faith    .   c - +0 buckler
rNeg    . . .      Spirit   .   b - +0 scale mail
rPois   .          Reflect  .   (no helmet)
rElec   .          Harm     .   (no cloak)
rCorr   .          Rampage  .   (no gloves)
Will    .....                   (no boots)
Stlth   ..........              (no amulet)
HPRegen 0.09/turn               (no ring)
MPRegen 0.08/turn               (no ring)

@: mighty, weak-willed
A: demonic magic 1, weakness stinger 1
a: no special abilities


You were on level 2 of the Dungeon.
You visited 1 branch of the dungeon, and saw 2 of its levels.

You collected 44 gold pieces.

Inventory:

Hand Weapons
 a - a +0 long sword of flaming (weapon)
Missiles
 e - 16 stones (quivered)
Armour
 b - a +0 scale mail (worn)
 c - a +0 buckler (worn)
Jewellery
 f - a ring of fire


   Skills:
 + Level 3.4 Fighting
 * Level 2.8 Long Blades
 * Level 1.2 Throwing
 - Level 2.6 Armour
 - Level 2.6 Shields


You had 2 spell levels left.
You didn't know any spells.
Your spell library contained the following spells:

 Spells                   Type           Power      Damage    Failure   Level
 Gell's Gravitas          Tloc           0%         N/A       99%         3
 Teleport Other           Tloc           0%         N/A       99%         3
 Dispersal                Tloc           0%         N/A       100%        6


Dungeon Overview and Level Annotations

Branches:
Dungeon (2/15)

Altars:
Yredelemnul


Innate Abilities, Weirdness & Mutations

Spells you cast may paralyse adjacent enemies.
You have a small tail.


Message History

You miss the adder.
Your tail-slap misses the adder.
You feel sick. The bat closely misses you.
The frilled lizard bites you but does no damage.
The adder bites you but does no damage.
Unknown command.
You feel very mighty all of a sudden.
You feel sick. The bat barely misses you. The bat hits you but does no damage.
The adder bites you but does no damage. You block the frilled lizard's attack.
The adder bites you but does no damage.
You closely miss the adder.
You feel sick.
You are no longer poisoned.
You block the bat's attack. You block the frilled lizard's attack.
The adder bites you but does no damage.
A worm comes into view.
The frilled lizard bites you but does no damage.
You barely miss the adder.
Your tail-slap misses the adder.
The bat completely misses you. The bat hits you but does no damage.
The adder misses you. The frilled lizard closely misses you.
The adder bites you but does no damage.
You slash the adder! You burn the adder.
Your tail-slap misses the adder.
The adder is almost dead.
The bat hits you but does no damage. x2; You block the adder's attack.
The frilled lizard bites you.
* * * LOW HITPOINT WARNING * * *
The bat barely misses you.
You closely miss the adder.
The adder is almost dead.
The bat hits you but does no damage. The adder bites you but does no damage.
The frilled lizard bites you but does no damage.
The adder barely misses you. The frilled lizard barely misses you.
You slash the adder! You burn the adder.
You kill the adder!
The bat hits you but does no damage.
The frilled lizard bites you but does no damage.
You miss the frilled lizard. The bat barely misses you.
The bat hits you but does no damage. You block the frilled lizard's attack.
You barely miss the frilled lizard.
Your tail-slap misses the frilled lizard.
The bat hits you but does no damage. The frilled lizard bites you.
You die...

##.#.# .....
#....# #....
#....# #.....
#....# #.....
#.w..#
#.....##....
..........#
.......l@b#
._.....<..#
..........#
..........#
(...........
#.....##.....
###.##
#....... ..
........ ..
.......


You could see a worm, a bat and a frilled lizard.

Vanquished Creatures
  2 adders (D:2)
  2 dart slugs (D:1)
  4 ball pythons (D:1)
  An endoplasm (D:1)
  A giant cockroach (D:1)
  2 goblins (D:1)
  A hobgoblin (D:1)
  2 quokkas (D:1)
  5 bats (D:1)
  2 frilled lizards (D:1)
  A kobold (D:1)
  5 rats (D:1)
28 creatures vanquished.

Notes
Turn   | Place    | Note
-------+----------+-------------------------------------------
     0 | D:1      | LustLizard the Demonspawn Fighter began the quest for the
                  | Orb.
     0 | D:1      | Reached XP level 1. HP: 18/18 MP: 1/1
   237 | D:1      | Gained mutation: You have a small tail. [demonic ancestry]
   237 | D:1      | Reached XP level 2. HP: 24/24 MP: 2/2
   771 | D:1      | Found a faded altar of an unknown god.
  1018 | D:1      | Gained mutation: Spells you cast may paralyse adjacent
                  | enemies. [demonic ancestry]
  1018 | D:1      | Reached XP level 3. HP: 28/29 MP: 3/3
  1104 | D:2      | Found a basalt altar of Yredelemnul.
  1115 | D:2      | Reached skill level 1 in Throwing
  1121 | D:2      | HP: 1/29 [frilled lizard (2)]
  1125 | D:2      | Slain by a frilled lizard

Illustrated notes

Levels and vault maps discovered:
D:1:      scummos_arrival_star, layout_basic,
          dreamdust_ecumenical_altar_angels_and_demons
D:2:      layout_basic, basic_altar

Skill      XL: |  1  2  3 |
---------------+----------+-----
Long Blades    | 2 |  2.8
Throwing       | 1 |  1.2
Fighting       | |  3.4
Armour         | |  2.6
Shields        | |  2.6

Action                   || total
-------------------------++-------
Melee: Long sword        ||    99
       Tailslap          ||     8
  Use: Scroll            ||     3
       Potion            ||     1
Armor: Scale mail        ||    93
Dodge: Dodged            ||    55
Block: Buckler           ||    38
